 Dungeon Crawl Stone Soup version 0.26-a0-1213-gd52f5182fe (webtiles) character file.

Game seed: 5846724233756577279

1159 loralnil the Insei (level 8, 0/60 HPs)
             Began as a Gnoll Transmuter on Dec 30, 2020.
             Slain by a gnoll
             ... wielding a +0 halberd
              (13 damage)
             ... on level 6 of the Dungeon.
             The game lasted 00:08:19 (5574 turns).

loralnil the Insei (Gnoll Transmuter)               Turns: 5574, Time: 00:08:19

Health: 0/60       AC:  2    Str: 13    XL:     8   Next: 39%
Magic:  14/17      EV: 25    Int: 17    God:
Gold:   342        SH:  0    Dex: 21    Spells: 13/19 levels left

rFire    . . .     SeeInvis +     - Unarmed
rCold    . . .     Faith    .   (shield currently unavailable)
rNeg     . . .     Spirit   .   (armour currently unavailable)
rPois    x         Reflect  .   (helmet currently unavailable)
rElec    .         Harm     .   (cloak currently unavailable)
rCorr    .         Rampage  .   (gloves currently unavailable)
Will     .....                  (boots currently unavailable)
Stlth    +++.......             (no amulet)
HPRegen  0.20/turn              s - ring of see invisible
MPRegen  0.15/turn              (no ring)

@: spider-form
A: tiny, distributed training, strong nose
a: End Transformation


You were on level 6 of the Dungeon.
You were a venomous arachnid creature.
You visited 1 branch of the dungeon, and saw 6 of its levels.

You collected 342 gold pieces.

Inventory:

Armour
 a - a +0 pair of gloves (melded)
 c - a +0 leather armour (melded)
 f - a +0 helmet (melded)
 i - a +0 cloak (melded)
Jewellery
 s - a ring of see invisible (left front leg)
Wands
 n - a wand of digging (17)
Scrolls
 d - 3 scrolls of teleportation
 e - 2 scrolls of fog
 k - a scroll of enchant weapon {unknown}
 m - 2 scrolls of fear
 o - a scroll of amnesia {unknown}
 q - 2 scrolls of remove curse
 r - a scroll of enchant armour {unknown}
Potions
 b - a potion of heal wounds
 g - 3 potions of curing
 h - a potion of lignification
 j - a potion of degeneration {unknown}
 l - a potion of ambrosia {unknown}
 p - 2 potions of brilliance {unknown}
 t - a potion of attraction {unknown}


   Skills:
 + Level 4.2 Fighting
 + Level 3.2 Short Blades
 + Level 3.2 Long Blades
 + Level 3.2 Axes
 + Level 3.2 Maces & Flails
 + Level 3.2 Polearms
 + Level 3.2 Staves
 + Level 3.2 Slings
 + Level 3.2 Bows
 + Level 3.2 Crossbows
 + Level 3.2 Throwing
 + Level 3.2 Armour
 + Level 5.6 Dodging
 + Level 3.2 Stealth
 + Level 3.2 Shields
 + Level 7.3 Unarmed Combat
 + Level 6.0 Spellcasting
 + Level 2.6 Conjurations
 + Level 2.6 Hexes
 + Level 2.6 Summonings
 + Level 2.6 Necromancy
 + Level 2.6 Translocations
 + Level 4.6 Transmutations
 + Level 2.6 Fire Magic
 + Level 2.6 Ice Magic
 + Level 2.6 Air Magic
 + Level 2.6 Earth Magic
 + Level 2.6 Poison Magic
 + Level 3.5 Invocations
 + Level 3.2 Evocations


You had 13 spell levels left.
You knew the following spells:

 Your Spells              Type           Power        Failure   Level
a - Beastly Appendage     Tmut           42%          8%          1
b - Wereblood             Tmut           21%          10%         2
c - Spider Form           Tmut/Pois      8%           22%         3

Your spell library contained the following spells:

 Spells                   Type           Power        Failure   Level
 Ice Form                 Ice/Tmut       17%          50%         4
 Blade Hands              Tmut           10%          67%         5


Dungeon Overview and Level Annotations

Branches:
Dungeon (6/15)
 Temple: D:4-7

Altars:
Dithmenos

Shops:
D:5 :   D:6 *

Annotations:
D:4 2 transporters, qborf's ghost, amateur KoEn


Innate Abilities, Weirdness & Mutations

Your experience applies equally to all skills.
((You have very sharp teeth.))
Your uncanny sense of smell can sniff out nearby items.


Message History

The bullfrog skeleton completely misses you.
You bite the bullfrog skeleton!
The bullfrog skeleton is severely damaged.
The gnoll misses you.
The bullfrog skeleton closely misses you.
You bite the bullfrog skeleton!
You destroy the bullfrog skeleton!
The gnoll hits you from afar with a +0 halberd!
* * * LOW HITPOINT WARNING * * *
A gnoll comes into view.
The gnoll closely misses you.
The gnoll moves out of view.
You hit the gnoll.
The gnoll is lightly wounded.
You barely miss the gnoll.
The gnoll is lightly wounded.
The gnoll completely misses you.
You bite the gnoll!
The gnoll is poisoned.
The gnoll is almost dead.
The gnoll hits you with a +0 halberd!
You die...

... ##............
##..#########...........
.<............##....>...
........................
......#####..###........
#...∩g.##...## #........
#......g#.### #########
#g#.# #s#.# #...# #.###
###


You could see 3 gnolls.

Vanquished Creatures
  Purgy (D:3)
  A sky beast (D:5)
  A phantom (D:5)
  2 ogres
  A bullfrog (D:6)
  A water moccasin skeleton (D:5)
  A howler monkey (D:5)
  Crazy Yiuf (D:3)
  A gnoll shaman (D:5)
  An orc priest (D:5)
  2 bullfrog skeletons
  A hound (D:5)
  A jelly (D:5)
  An orc wizard (D:5)
  2 worker ants (D:5)
  8 gnolls
  12 adders
  A shadow imp (D:5)
  An adder zombie (D:5)
  2 worms
  4 dart slugs
  A leopard gecko (D:5)
  10 orcs
  4 giant cockroaches
  9 goblins
  4 hobgoblins
  7 jackals (D:3)
  A quokka (D:4)
  A ball python skeleton (D:5)
  5 bats
  4 frilled lizards
  3 kobolds
  2 leopard gecko skeletons (D:5)
  2 rats
99 creatures vanquished.

Notes
Turn   | Place    | Note
-------+----------+-------------------------------------------
     0 | D:1      | loralnil the Gnoll Transmuter began the quest for the Orb.
     0 | D:1      | Reached XP level 1. HP: 17/17 MP: 6/6
   316 | D:1      | Reached XP level 2. HP: 23/23 MP: 5/7
   319 | D:1      | Learned a level 2 spell: Wereblood
   794 | D:2      | Found a shadowy altar of Dithmenos.
   824 | D:2      | Reached skill level 5 in Spellcasting
   824 | D:2      | Reached XP level 3. HP: 18/28 MP: 7/9
   978 | D:2      | Learned a level 3 spell: Spider Form
   996 | D:2      | Reached skill level 1 in Invocations
  1018 | D:2      | Reached skill level 1 in Short Blades
  1018 | D:2      | Reached skill level 1 in Long Blades
  1018 | D:2      | Reached skill level 1 in Axes
  1018 | D:2      | Reached skill level 1 in Maces & Flails
  1018 | D:2      | Reached skill level 1 in Polearms
  1018 | D:2      | Reached skill level 1 in Staves
  1018 | D:2      | Reached skill level 1 in Slings
  1018 | D:2      | Reached skill level 1 in Bows
  1018 | D:2      | Reached skill level 1 in Crossbows
  1018 | D:2      | Reached skill level 1 in Throwing
  1018 | D:2      | Reached skill level 1 in Armour
  1018 | D:2      | Reached skill level 1 in Stealth
  1018 | D:2      | Reached skill level 1 in Shields
  1018 | D:2      | Reached skill level 1 in Evocations
  1372 | D:2      | Reached XP level 4. HP: 25/34 MP: 9/11
  1494 | D:2      | Found a faded altar of an unknown god.
  1818 | D:3      | Reached skill level 1 in Conjurations
  1818 | D:3      | Reached skill level 1 in Hexes
  1818 | D:3      | Reached skill level 1 in Summonings
  1818 | D:3      | Reached skill level 1 in Necromancy
  1818 | D:3      | Reached skill level 1 in Translocations
  1818 | D:3      | Reached skill level 1 in Fire Magic
  1818 | D:3      | Reached skill level 1 in Ice Magic
  1818 | D:3      | Reached skill level 1 in Air Magic
  1818 | D:3      | Reached skill level 1 in Earth Magic
  1818 | D:3      | Reached skill level 1 in Poison Magic
  1901 | D:3      | Noticed Purgy
  1925 | D:3      | Killed Purgy
  1926 | D:3      | Reached XP level 5. HP: 26/41 MP: 10/12
  2110 | D:3      | Reached XP level 6. HP: 47/47 MP: 9/13
  2543 | D:3      | Found a runed translucent door.
  2544 | D:3      | Noticed Crazy Yiuf
  2912 | D:3      | Killed Crazy Yiuf
  2913 | D:3      | Reached skill level 5 in Dodging
  3493 | D:4      | Noticed qborf's ghost (amateur KoEn)
  3494 | D:4      | Found a transporter.
  3494 | D:4      | Found a transporter.
  3496 | D:4      | Identified the cursed +0 great mace of a Gauntlet {freeze,
                  | Dex+5}
  3941 | D:5      | Entered Level 5 of the Dungeon
  4074 | D:5      | Noticed a phantom
  4093 | D:5      | Killed a phantom
  4094 | D:5      | Reached skill level 7 in Unarmed Combat
  4094 | D:5      | Reached XP level 7. HP: 28/52 MP: 15/15
  4247 | D:5      | Found Gabupi's Book Shoppe.
  5043 | D:5      | Reached XP level 8. HP: 60/60 MP: 13/16
  5556 | D:6      | Found Belazxausch's Assorted Antiques.
  5574 | D:6      | Slain by a gnoll

Illustrated notes

Levels and vault maps discovered:
D:1:      erik_arrival_triangle_medium, layout_loops_ring,
          chequers_serial_rivers_room_a, due_unseen_surprise
D:2:      layout_loops_ring, overflow_temple_1_default,
          chequers_ecumenical_altar_simple
D:3:      minmay_octagon_keep, layout_basic, uniq_purgy, uniq_crazy_yiuf_cottage
D:4:      layout_cave_pods, gammafunk_ghost_smash
D:5:      kb_forest_paths, layout_basic, serial_shops, kennysheep_little_box
D:6:      layout_rooms, serial_shops, shop, serial_rivers,
          chequers_serial_rivers_marsh, chequers_serial_rivers_micro_a,
          chequers_serial_rivers_room_a, chequers_serial_rivers_large_b,
          chequers_serial_rivers_micro_c, chequers_serial_rivers_micro_c

Skill      XL: |  1  2  3  4  5  6  7  8 |
---------------+-------------------------+-----
Spellcasting   | 5 6 |  6.0
Invocations    | 1 2 3 |  3.5
Short Blades   | 1 2 3 |  3.2
Long Blades    | 1 2 3 |  3.2
Axes           | 1 2 3 |  3.2
Maces & Flails | 1 2 3 |  3.2
Polearms       | 1 2 3 |  3.2
Staves         | 1 2 3 |  3.2
Slings         | 1 2 3 |  3.2
Bows           | 1 2 3 |  3.2
Crossbows      | 1 2 3 |  3.2
Throwing       | 1 2 3 |  3.2
Armour         | 1 2 3 |  3.2
Stealth        | 1 2 3 |  3.2
Shields        | 1 2 3 |  3.2
Evocations     | 1 2 3 |  3.2
Conjurations   | 1 2 |  2.6
Hexes          | 1 2 |  2.6
Summonings     | 1 2 |  2.6
Necromancy     | 1 2 |  2.6
Translocations | 1 2 |  2.6
Fire Magic     | 1 2 |  2.6
Ice Magic      | 1 2 |  2.6
Air Magic      | 1 2 |  2.6
Earth Magic    | 1 2 |  2.6
Poison Magic   | 1 2 |  2.6
Fighting       | 3 4 |  4.2
Transmutations | 4 |  4.6
Dodging        | 5 |  5.6
Unarmed Combat | 7 |  7.3

Action                   |  1- 3 |  4- 6 |  7- 9 || total
-------------------------+-------+-------+-------++-------
Melee: Unarmed           |    45 |   133 |   129 ||   307
       Headbutt          |     8 |    19 |     6 ||    33
       Kick              |     6 |    26 |    12 ||    44
       Punch             |     2 |     3 |     2 ||     7
       Bite              |     2 |     9 |     5 ||    16
 Cast: Beastly Appendage |    18 |    24 |    11 ||    53
       Spider Form       |       |     4 |     7 ||    11
  Use: Scroll            |     5 |     5 |       ||    10
 Stab: Sleeping          |       |     3 |       ||     3
Armor: Leather armour    |     6 |    22 |    10 ||    38
       Skin              |       |     1 |       ||     1
Dodge: Dodged            |    25 |    98 |    82 ||   205

Table legend: (Time is in decaauts)
 A = Elapsed time spent in this place.
 B = Non-inter-level travel time spent in this place.
 C = Inter-level travel time spent in this place.
 D = Time resting spent in this place.
 E = Time spent auto-exploring this place.
 F = Levels seen in this place.
 G = Mean time per level.
                   A        B        C        D        E       F      G
               +--------+--------+--------+--------+--------+-----+--------+
         Total |   5531 |   5372 |    159 |      0 |   4603 |   6 |  921.8 |
       Dungeon |   5531 |   5372 |    159 |      0 |   4603 |   6 |  921.8 |
               +--------+--------+--------+--------+--------+-----+--------+

Top non-repeatable levels by time:
     D:5: 1560 daAuts
     D:3: 1213 daAuts
     D:2: 997 daAuts
     D:4: 957 daAuts
     D:1: 751 daAuts
     D:6: 50 daAuts
